 Dungeon Sprint DCSS version 0.17-a0-1718-g72dbe4d (webtiles) character file.

65 Kidiri the Shield-Bearer (level 3, -2/34 HPs)
             Began as a Minotaur Fighter on Aug 24, 2015.
             Was a Follower of Okawaru.
             Slain by an ogre
             ... wielding a +0 giant club
              (13 damage)
             ... in the Dungeon (Sprint VII: "The Pits").
             The game lasted 00:00:56 (328 turns).

Kidiri the Shield-Bearer (Minotaur Fighter)          Turns: 328, Time: 00:00:57

Health: -2/34      AC:  7    Str: 21    XL:     3   Next: 94%
Magic:  3/3        EV:  8    Int:  5    God:    Okawaru [*.....]
Gold:   0          SH: 10    Dex:  9    Spells: 0 memorised, 2 levels left

rFire  . . .     SeeInvis .     a - +0 war axe
rCold  . . .     Clarity  .     b - +0 scale mail
rNeg   . . .     SustAt   .     c - +0 shield
rPois  .         Gourm    .     (helmet restricted)
rElec  .         Spirit   .     (no cloak)
rCorr  .         Warding  .     (no gloves)
rMut   .         NoTele   +     (no boots)
MR     .....                    (no amulet)
Stlth  ..........               (no ring)
                                (no ring)

@: not resistant to hostile enchantments, extremely unstealthy
A: retaliatory headbutt, horns 2
a: Heroism, Renounce Religion


You were in the Dungeon.
You worshipped Okawaru.
Okawaru was aware of your devotion.
You were not hungry.

You visited 1 branch

Inventory:

Hand weapons
 a - a +0 war axe (weapon)
 r - a +2 mace
Armour
 b - a +0 scale mail (worn)
 c - a +0 shield (worn)
Scrolls
 k - a scroll of blinking
 o - 3 scrolls of remove curse
 p - 5 scrolls of amnesia
 q - a scroll of summoning
Potions
 d - a potion of might
 f - a potion of curing
 g - a potion of heal wounds
 h - a potion of haste
 i - 4 potions of magic
 j - 3 potions of berserk rage
 n - 2 potions of invisibility
Comestibles
 e - 8 bread rations
 l - 40 fruits
 m - 7 meat rations
 s - 4 chunks of flesh


   Skills:
 + Level 4.7 Fighting
 * Level 5.0 Axes
 * Level 5.5 Armour
 + Level 2.3 Dodging
 * Level 5.7 Shields
 + Level 2.1 Invocations


You had 2 spell levels left.
You didn't know any spells.

Dungeon Overview and Level Annotations

Branches:
Dungeon (1/1)

Altars:
Ashenzari
Cheibriados
Dithmenos
Elyvilon
Fedhas
Gozag
Kikubaaqudgha
Makhleb
Nemelex Xobeh
Okawaru
Qazlal
Ru
Sif Muna
Trog
Vehumet
Xom
Yredelemnul
Zin
The Shining One
Beogh
Jiyva
Lugonu


Innate Abilities, Weirdness & Mutations

You reflexively headbutt those who attack you in melee.
You have a pair of horns on your head.


Message History

The worker ant is almost dead.
You closely miss the ogre.
The ogre is moderately wounded.
The ogre closely misses you. You furiously retaliate!
You headbutt the ogre!
The worker ant bites you but does no damage.
The worker ant bites you.
* * * LOW HITPOINT WARNING * * *
You closely miss the worker ant.
The worker ant is almost dead.
You hit the ogre but do no damage.
The ogre is heavily wounded.
The ogre closely misses you. You block the worker ant's attack.
Unknown command.
Your shield prevents you from hitting the worker ant.
Your headbutt misses the worker ant.
The worker ant is almost dead.
You hit the ogre but do no damage.
The ogre is heavily wounded.
You block the worker ant's attack. The ogre hits you with a giant club!
You die...

#_#)))#.#?(##......#..#..
#######+#####............
#.....รท.....'............
#+#####+#####......#..#..
#.....##............
#####'#####+#####++#
#.....##.......#
#.....##.......#
###@####.......#
#.O.a.##...<...#
........##.......#
#........##.......#
###########.......#
#########


You could see an ogre and a worker ant.

Vanquished Creatures
  A brain worm (D)
  A giant gecko (D)
  A bat zombie (D)
  A giant cockroach (D)
  2 jackals (D)
  A bat (D)
  A giant newt (D)
8 creatures vanquished.

Notes
Turn   | Place    | Note
--------------------------------------------------------------
     0 | D        | Kidiri the Minotaur Fighter began the quest for the Orb.
     0 | D        | Reached XP level 1. HP: 19/19 MP: 0/0
    36 | D        | Reached skill level 4 in Shields
    68 | D        | Found a sacrificial altar of Ru.
    68 | D        | Found a basalt altar of Yredelemnul.
    68 | D        | Found a shadowy altar of Dithmenos.
    68 | D        | Found a deep blue altar of Sif Muna.
    68 | D        | Found a burning altar of Makhleb.
    68 | D        | Found a shimmering altar of Xom.
    68 | D        | Found an ancient bone altar of Kikubaaqudgha.
    68 | D        | Found a sparkling altar of Nemelex Xobeh.
    69 | D        | Found a glowing golden altar of the Shining One.
    69 | D        | Found a bloodstained altar of Trog.
    69 | D        | Found a shattered altar of Ashenzari.
    69 | D        | Found a white marble altar of Elyvilon.
    69 | D        | Found a snail-covered altar of Cheibriados.
    69 | D        | Found a blossoming altar of Fedhas.
    69 | D        | Found a radiant altar of Vehumet.
    69 | D        | Found a glowing silver altar of Zin.
    69 | D        | Found a corrupted altar of Lugonu.
    69 | D        | Found a viscous altar of Jiyva.
    69 | D        | Found a roughly hewn altar of Beogh.
    69 | D        | Found an iron altar of Okawaru.
    75 | D        | Found a stormy altar of Qazlal.
    75 | D        | Found an opulent altar of Gozag.
    78 | D        | Became a worshipper of Warmaster Okawaru
   166 | D        | Noticed a brain worm
   171 | D        | Killed a brain worm
   171 | D        | Acquired Okawaru's first power
   171 | D        | Reached skill level 5 in Axes
   171 | D        | Reached skill level 5 in Armour
   171 | D        | Reached skill level 5 in Shields
   171 | D        | Reached XP level 2. HP: 15/28 MP: 0/2
   171 | D        | Reached XP level 3. HP: 18/34 MP: 0/3
   319 | D        | Noticed a worker ant
   319 | D        | Noticed an ogre
   328 | D        | Slain by an ogre

Vault maps used:
D:        pitsprint

Action                   || total
-------------------------++-------
Melee: War axe           ||    29
